 Seeded DCSS version 0.29-a0-360-g8ed1089bbe (webtiles) character file.

Game seed: 10077074884737061911 (custom seed)

18 ravioli the Magician (level 2, -1/21 HPs)
             Began as a Djinni Earth Elementalist on Apr 28, 2022.
             Slain by a kobold
             ... wielding a +0 short sword
              (3 damage)
             ... on level 1 of the Dungeon.
             The game lasted 00:03:20 (1362 turns).

ravioli the Magician (Djinni Earth Elementalist)    Turns: 1362, Time: 00:03:21

Health: -1/21      AC:  2    Str:  7    XL:     2   Next: 90%
Gold:   60         EV: 12    Int: 16    God:
                   SH:  0    Dex: 13

rFire   + + .      SeeInvis .   (no weapon)
rCold   x . .      Faith    .   (no shield)
rNeg    . . .      Spirit   .   b - +0 robe
rPois   ∞          Reflect  .   (no helmet)
rElec   .          Harm     .   (no cloak)
rCorr   .          Rampage  .   (no gloves)
Will    .....                   (boots unavailable)
Stlth   ++........              (no amulet)
HPRegen 0.07/turn               (no ring)
MPRegen 0.00/turn               (no ring)

@: weak-willed, flying
A: sickness immunity, fire resistance 2, cold vulnerability 1, float, innate
caster, HP casting, extra vitality 1
a: no special abilities


You were on level 1 of the Dungeon.
You visited 1 branch of the dungeon, and saw 1 of its levels.

You collected 60 gold pieces.

Inventory:

Armour
 b - a +0 robe (worn)
Potions
 d - a potion of brilliance {unknown}
 e - 2 potions of cancellation {unknown}
 f - a potion of curing {unknown}


   Skills:
 + Level 2.5 Dodging
 + Level 1.9 Stealth
 + Level 2.8 Spellcasting


You couldn't memorise any spells.
You knew the following spells:

 Your Spells              Type           Power      Damage    Failure   Level
a - Sandblast             Erth           22%        2d7       6%          1
b - Passwall              Tmut/Erth      9%         N/A       9%          2
c - Stone Arrow           Conj/Erth      22%        3d8       19%         3
d - Petrify               Tmut/Erth      11%        N/A       52%         4
Your spell library was empty.

Dungeon Overview and Level Annotations

Branches:
Dungeon (1/15)

Altars:


Innate Abilities, Weirdness & Mutations

You are immune to sickness and miasma.
You are immune to poison.
Your flesh is very heat resistant. (rF++)
You are vulnerable to cold. (rC-)
You float through the air rather than walking.
You learn spells naturally, not from books.
Your magical power is your life essence.
You have superior vitality. (+4 MHP)


Message History

The kobold attacks as you move away!
The kobold hits you with a +0 short sword.
The kobold attacks as you move away! The kobold completely misses you.
You see here a dart slug corpse.
The kobold attacks as you move away! The kobold barely misses you.
The kobold attacks as you move away! The kobold barely misses you.
The kobold hits you with a +0 short sword.
The kobold attacks as you move away!
The kobold hits you with a +0 short sword.
The kobold attacks as you move away! The kobold completely misses you.
You closely miss the kobold.
The kobold hits you with a +0 short sword.
You hit the kobold but do no damage. The kobold misses you.
You barely miss the kobold.
The kobold hits you with a +0 short sword.
You barely miss the kobold.
The kobold hits you with a +0 short sword.
* * * LOW HITPOINT WARNING * * *
You barely miss the kobold. The kobold barely misses you.
You hit the kobold but do no damage. The kobold closely misses you.
As you read the scroll labelled HUV KUALAQ, it crumbles to dust.
Magic quickly surges around you.
It was a scroll of vulnerability.
The kobold misses you.
As you read the scroll labelled FERIMA UDONGOASAOTT, it crumbles to dust.
It is a scroll of brand weapon.
You aren't carrying any weapons that can be branded.
The kobold hits you with a +0 short sword.
* * * LOW HITPOINT WARNING * * *
As you read the scroll labelled BOEGEN MUSOOPP, it crumbles to dust.
It is a scroll of enchant weapon.
You aren't carrying any weapons that can be enchanted.
The kobold barely misses you.
You barely miss the kobold. The kobold hits you but does no damage.
You hit the kobold.
The kobold is moderately wounded.
The kobold barely misses you.
You barely miss the kobold.
The kobold is moderately wounded.
The kobold hits you with a +0 short sword.
You die...

#............ # #####.####### #
#.# # #.# # #.# # #g######### #
#g#.......# # #K#†#####.# ###
########## #@#.# #.# #..
#........# #.#.# ###.######.#
#.######.# #.#.# #...........
#.######.# ##.#.# #.#.##.#.#..
#.##.....# ##....# #.#.#.....#.
#........# #.....# #.#.#.....#.
####.#...####.............#..#.
#.........##.##.##.###...###.
#.........)...)....# #.#.....


You could see a hobgoblin (weak-willed), a goblin (weak-willed) and a kobold
(weak-willed).

Vanquished Creatures
  A dart slug (D:1)
  2 giant cockroaches (D:1)
  2 kobolds (D:1)
  A quokka (D:1)
  2 ball pythons (D:1)
  3 bats (D:1)
  3 frilled lizards (D:1)
  3 rats (D:1)
17 creatures vanquished.

Notes
Turn   | Place    | Note
-------+----------+-------------------------------------------
     0 | D:1      | ravioli the Djinni Earth Elementalist began the quest for
                  | the Orb.
     0 | D:1      | Reached XP level 1. HP: 15/15 MP: 0/0
   541 | D:1      | Reached XP level 2. HP: 19/21 MP: 0/0
  1119 | D:1      | Found a faded altar of an unknown god.
  1355 | D:1      | HP: 1/21 [kobold/+0 short sword (4)]
  1362 | D:1      | Slain by a kobold

Illustrated notes

Levels and vault maps discovered:
D:1:      erik_arrival_blinker_ship, layout_loops_corners,
          hellmonk_ecumenical_altar_pennies_from_heaven, minmay_octomino_e4

Action                   || total
-------------------------++-------
Melee: Unarmed           ||    52
       Punch             ||     2
 Cast: Sandblast         ||    30
  Use: Scroll            ||     3
Armor: Robe              ||    20
Dodge: Dodged            ||    51

Table legend: (Time is in decaauts)
 A = Elapsed time spent in this place.
 B = Non-inter-level travel time spent in this place.
 C = Inter-level travel time spent in this place.
 D = Time resting spent in this place.
 E = Time spent auto-exploring this place.
 F = Levels seen in this place.
 G = Mean time per level.
                   A        B        C        D        E       F      G
               +--------+--------+--------+--------+--------+-----+--------+
         Total |   1362 |   1362 |      0 |    711 |    254 |   1 | 1362.0 |
       Dungeon |   1362 |   1362 |      0 |    711 |    254 |   1 | 1362.0 |
               +--------+--------+--------+--------+--------+-----+--------+

Top non-repeatable levels by time:
     D:1: 1362 daAuts
